 Dungeon Crawl Stone Soup version 0.21.1-1-g345015f (webtiles) character file.

709 Cakaith the Shooter (level 7, -3/61 HPs)
             Began as a Centaur Hunter on Mar 11, 2018.
             Was an Initiate of Okawaru.
             Slain by an orc
             ... wielding a +0 trident
              (5 damage)
             ... on level 6 of the Dungeon.
             The game lasted 00:18:09 (7286 turns).

Cakaith the Shooter (Centaur Hunter)                Turns: 7286, Time: 00:18:09

Health: -3/61      AC:  8    Str: 12 (15) XL:     7   Next: 40%
Magic:  9/9        EV:  9    Int:  8 (10) God:    Okawaru [......]
Gold:   203        SH:  0    Dex:  8 (11) Spells: 6/6 levels left

rFire    . . .     SeeInvis .   w - -1 dagger (curse)
rCold    . . .     Gourm    .   (no shield)
rNeg     + . .     Faith    .   n - +1 leather armour {rN+}
rPois    .         Spirit   .   e - +2 hat
rElec    .         Reflect  .   s - +0 cloak (curse)
rCorr    .         Harm     .   (no gloves)
MR       .....                  (no barding)
Stlth    ..........             (no amulet)
HPRegen  0.20/turn              (no ring)
MPRegen  0.11/turn              (no ring)

@: confused, very quick
A: large, hooves 3, deformed body, speed 2, tough skin 3
a: Renounce Religion


You were on level 6 of the Dungeon.
You worshipped Okawaru.
Okawaru was noncommittal.
You were not hungry.

You visited 2 branches of the dungeon, and saw 8 of its levels.

You collected 203 gold pieces.

Inventory:

Hand Weapons
 a - a +1 shortbow
 b - a +0 short sword
 w - a cursed -1 dagger (weapon)
 y - a +0 shortbow
 z - a +2 dagger of holy wrath
Missiles
 d - 100 arrows
 g - 40 bolts
Armour
 c - a +0 leather armour
 e - a +2 hat (worn)
 j - a cursed +0 chain mail
 m - a scarf of cloud immunity
 n - a +1 leather armour of positive energy (worn)
 q - the +2 ring mail of the Doge {+Inv MP+9 Dex-4}
   (You found it on level 4 of the Dungeon)

   It affects your dexterity (-4).
   It affects your magic capacity (+9).
   It lets you turn invisible.
 s - a cursed +0 cloak (worn)
Jewellery
 x - an uncursed ring of poison resistance {unknown}
Scrolls
 h - 2 scrolls of immolation
 i - 3 scrolls of identify
 l - a scroll of fear
 p - a scroll of fog
 r - 2 scrolls of blinking
Potions
 k - 2 potions of curing
 o - a potion of flight {unknown}
 t - a potion of mutation
 u - a potion of haste {unknown}
 v - a potion of agility {unknown}
 A - a potion of degeneration
 B - a potion of berserk rage {unknown}
Comestibles
 f - 11 rations


   Skills:
 + Level 5.4 Fighting
 - Level 7.9 Bows
 + Level 1.6 Armour
 - Level 1.3 Dodging
 - Level 0.4 Stealth
 * Level 3.7 Invocations


You had 6 spell levels left.
You didn't know any spells.

Dungeon Overview and Level Annotations

Branches:
Dungeon (7/15)             Temple (1/1) D:5

Altars:
Ashenzari
Cheibriados
Dithmenos
Elyvilon
Fedhas
Gozag
Hepliaklqana
Kikubaaqudgha
Makhleb
Nemelex Xobeh
Okawaru
Ru
Sif Muna
Uskayaw
Vehumet
Wu Jian
Xom
Zin
The Shining One

Annotations:
D:2 Sigmund


Innate Abilities, Weirdness & Mutations

You have hooves in place of feet.
Armour fits poorly on your strangely shaped body.
You cover ground very quickly.
You have extremely tough skin. (AC +3)


Message History

* * * LOW HITPOINT WARNING * * *
You closely miss something. Something hits you.
* * * LOW HITPOINT WARNING * * *
The orc hits you from afar with a trident!
* * * LOW HITPOINT WARNING * * *
You hit something. Something hits you.
* * * LOW HITPOINT WARNING * * *
The orc hits you but does no damage.
You completely miss something. Something hits you but does no damage.
The orc barely misses you.
You closely miss something.
You hear some strange, mumbled words.
You are confused.
The orc hits you but does no damage.
You barely miss something. Your kick misses something.
An orc wizard appears from thin air!
Reactivating autopickup.
The orc wizard barely misses you.
The orc hits you from afar with a trident.
You die...

#.ยง....#......###.###.
########.......##..##.
#...............##....
#...............#####.
#.................##..
#.................##.#
#.................#..#
##...............>#.##
####).@..#.............
#....)o..####.[......##
#.....o..##..........#
#...........###.###.>.#
#.....................#
#......[.####..###.....
#.......<# #..# ##>...
########## ..... ##..#
......# ..#


You could see an orc wizard and an orc.

Vanquished Creatures
  2 centaurs (D:5)
  A howler monkey (D:5)
  3 orc priests
  A hound (D:6)
  Crazy Yiuf (D:2)
  A bullfrog skeleton (D:4)
  2 orc wizards
  An iguana (D:4)
  3 worker ants
  A hound zombie (D:5)
  A hound skeleton (D:4)
  5 adders
  An ooze (D:2)
  An adder zombie (D:5)
  2 worms
  A dart slug (D:3)
  3 leopard geckos
  13 orcs
  3 giant cockroaches
  5 goblins
  7 hobgoblins
  8 jackals
  8 kobolds
  3 quokkas
  3 ball pythons
  9 bats
  6 frilled lizards
  A leopard gecko skeleton (D:4)
  A quokka skeleton (D:5)
  4 rats
101 creatures vanquished.

Notes
Turn   | Place    | Note
-------+----------+-------------------------------------------
     0 | D:1      | Cakaith the Centaur Hunter began the quest for the Orb.
     0 | D:1      | Reached XP level 1. HP: 17/17 MP: 1/1
   175 | D:1      | Reached XP level 2. HP: 14/25 MP: 2/2
  1084 | D:2      | Reached skill level 6 in Bows
  1110 | D:2      | Reached XP level 3. HP: 28/30 MP: 3/3
  1208 | D:2      | Found a runed door.
  1407 | D:2      | Noticed Sigmund
  1789 | D:2      | Reached XP level 4. HP: 38/38 MP: 4/4
  1823 | D:2      | Found a faded altar of an unknown god.
  1925 | D:2      | Noticed Crazy Yiuf
  1950 | D:2      | Killed Crazy Yiuf
  2411 | D:3      | Found an opulent altar of Gozag.
  3003 | D:3      | Found a shattered altar of Ashenzari.
  3003 | D:3      | Found an ancient bone altar of Kikubaaqudgha.
  3003 | D:3      | Found a hide-covered altar of Uskayaw.
  3017 | D:3      | Found a shadowy altar of Dithmenos.
  3017 | D:3      | Found a hazy altar of Hepliaklqana.
  3121 | D:3      | Reached skill level 7 in Bows
  3413 | D:4      | Got a bloodstained ring mail
  3433 | D:4      | Identified the +2 ring mail of the Doge {+Inv MP+9 Dex-4} (You found it on level 4 of the Dungeon)
  3482 | D:4      | Reached XP level 5. HP: 46/46 MP: 5/5
  4215 | D:3      | Reached XP level 6. HP: 27/53 MP: 6/6
  4825 | D:5      | Entered Level 5 of the Dungeon
  5066 | D:5      | Found a staircase to the Ecumenical Temple.
  5085 | Temple   | Entered the Ecumenical Temple
  5134 | Temple   | Became a worshipper of Warmaster Okawaru
  5345 | D:5      | Found an opulent altar of Gozag.
  5495 | D:5      | Reached skill level 1 in Invocations
  5714 | D:5      | Reached skill level 5 in Fighting
  5789 | D:5      | Reached skill level 1 in Armour
  5789 | D:5      | Reached XP level 7. HP: 37/61 MP: 7/9
  6477 | D:5      | You fall through a shaft!
  6704 | D:6      | HP: 3/61 [orc priest/divine providence (14)]
  7282 | D:6      | HP: 2/61 [orc/trident (8)]
  7286 | D:6      | Slain by an orc

Skill      XL: |  1  2  3  4  5  6  7 |
---------------+----------------------+-----
Bows           | 6 7 |  7.9
Fighting       | 3 4 5 |  5.4
Invocations    | 2 3 |  3.7
Armour         | 1 |  1.6
Dodging        | |  1.3
Stealth        | |  0.4

Action                   |  1- 3 |  4- 6 |  7- 9 || total
-------------------------+-------+-------+-------++-------
Melee: Short sword       |   108 |    94 |       ||   202
       Kick              |    19 |    70 |    31 ||   120
       Dagger            |       |   119 |   158 ||   277
 Fire: Shortbow          |    12 |    51 |       ||    63
  Use: Scroll            |       |     9 |     2 ||    11
       Potion            |       |     1 |     2 ||     3
  Eat: Chunk             |     2 |     7 |       ||     9
       Ration            |       |     1 |     2 ||     3
Armor: Leather armour    |    68 |    97 |    58 ||   223
Dodge: Dodged            |    44 |   104 |    75 ||   223
